Map: Ulrena

Players

Ailee (Azure) - Winner!

  • Race: Terran Terran
  • League: Master

Gemini

  • Race: Protoss Protoss
  • League: Master

VOD

Have the link to the VOD?

Description

Time

  • Played on: Nov. 15, 2015, 10:44 p.m.
  • Length: 7:25
Show
View Real Time Build Order
Export as new Build Order

Ailee Terran - Winner!

Build Orders: Cyclone Opening 

Get SALT Encoding   

  12  0:01  SCV  
  13  0:13  SCV  
  14  0:17  Supply Depot  
  14  0:25  SCV  
  15  0:39  SCV  
  15  0:41  Barracks  
  16  0:44  Refinery  
  16  0:51  SCV  
  17  1:03  SCV  
  18  1:15  SCV  
  19  1:29  Orbital Command  
  19  1:30  Marine  
  20  1:44  Command Center  
  20  1:56  Factory  
  20  2:00  SCV  
  21  2:06  Marine  
  22  2:12  SCV  
  23  2:17  Supply Depot  
  23  2:38  SCV, Marine  
  23  2:39  Factory Tech Lab, Barracks  
  25  2:50  SCV  
  26  2:57  Cyclone, Marine  
  26  2:58  Orbital Command  
  30  3:02  SCV  
  31  3:05  Bunker  
  31  3:11  Refinery  
  31  3:14  SCV  
  31  3:15  Marine  
  31  3:18  Engineering Bay  
  33  3:25  SCV  
  33  3:26  SCV  
  35  3:33  Marine  
  37  3:37  SCV  
  38  3:42  Stimpack  
  38  3:45  SCV  
  38  3:47  Supply Depot, Barracks Reactor  
  38  3:50  SCV  
  39  3:56  Missile Turret  
  39  3:57  SCV  
  39  3:59  Widow Mine  
  42  4:05  SCV  
  42  4:09  SCV  
  44  4:10  Marauder  
  46  4:17  SCV  
  46  4:21  SCV  
  48  4:24  Marine x2  
  48  4:26  Starport  
  48  4:29  SCV, Missile Turret  
  48  4:31  Widow Mine  
  51  4:35  SCV  
  54  4:49  Supply Depot  
  54  4:50  Supply Depot  
  54  4:53  Marauder, SCV x2, Liberator, Marine x2  
  60  5:05  SCV  
  61  5:07  Factory Tech Lab  
  61  5:11  Refinery  
  61  5:13  Terran Infantry Weapons Level 1, Supply Depot  
  61  5:14  SCV, Marine  
  65  5:15  Marine  
  65  5:19  Marauder  
  65  5:20  SCV  
  70  5:26  SCV  
  70  5:28  Supply Depot  
  71  5:36  Siege Tank, Marine  
  71  5:37  Marine  
  71  5:41  Barracks  
  71  5:42  Supply Depot  
  76  5:43  SCV  
  76  5:46  SCV  
  76  5:47  Marauder  
  80  5:55  SCV  
  81  5:58  SCV  
  81  5:59  Marine x2  
  84  6:07  SCV  
  84  6:10  SCV, Marine  
  87  6:13  Siege Tank  
  87  6:22  Medivac  
  88  6:28  Marauder  
  88  6:29  Barracks Tech Lab  
  88  6:32  Barracks  
  90  6:34  SCV  
  90  6:35  Supply Depot, Barracks  
  90  6:36  Command Center  
  91  6:41  SCV  
  91  6:42  Marine x2  
  94  6:48  SCV  
  94  6:49  Marine  
  94  6:52  Siege Tank  
  99  6:57  Refinery  
  96  7:04  Marine x2  
  96  7:06  Marine  
  93  7:09  SCV  
Show
View Real Time Build Order
Export as new Build Order

Gemini Protoss 

Build Orders: 1 Gate Expand, Oracle Opening 

Get SALT Encoding   

  12  0:01  Probe (Chrono Boost)  
  13  0:14  Pylon  
  13  0:21  Probe (Chrono Boost)  
  14  0:31  Probe (Chrono Boost)  
  15  0:36  Gateway  
  15  0:42  Probe (Chrono Boost)  
  16  0:45  Assimilator  
  16  0:52  Probe (Chrono Boost)  
  17  1:03  Probe (Chrono Boost)  
  18  1:13  Probe (Chrono Boost)  
  19  1:26  Nexus  
  19  1:30  Probe (Chrono Boost)  
  20  1:41  Cybernetics Core  
  20  1:44  Probe (Chrono Boost)  
  21  1:51  Assimilator  
  21  1:55  Probe (Chrono Boost)  
  22  2:04  Pylon  
  22  2:06  Probe (Chrono Boost)  
  24  2:24  Mothership Core (Chrono Boost), Adept, Warp Gate  
  27  2:39  Probe (Chrono Boost)  
  27  2:43  Probe (Chrono Boost)  
  29  2:50  Probe (Chrono Boost)  
  30  2:53  Probe (Chrono Boost)  
  30  2:57  Stargate  
  31  3:01  Probe (Chrono Boost)  
  31  3:04  Probe (Chrono Boost)  
  33  3:08  Adept  
  33  3:11  Probe (Chrono Boost)  
  36  3:13  Pylon  
  36  3:14  Probe (Chrono Boost)  
  37  3:22  Probe (Chrono Boost)  
  37  3:25  Probe (Chrono Boost)  
  39  3:27  Assimilator  
  39  3:32  Probe (Chrono Boost)  
  40  3:35  Probe (Chrono Boost)  
  40  3:37  Gateway  
  40  3:40  Gateway  
  41  3:41  Oracle (Chrono Boost)  
  41  3:43  Probe  
  41  3:46  Probe  
  46  3:54  Probe  
  46  3:58  Probe  
  48  4:03  Pylon  
  48  4:05  Probe  
  49  4:10  Probe  
  49  4:15  Probe  
  51  4:22  Probe  
  51  4:24  Pylon, Assimilator  
  50  4:26  Probe, Robotics Facility  
  50  4:28  Forge  
  51  4:34  Probe  
  51  4:36  Probe  
  53  4:39  Sentry, Pylon  
  53  4:41  Stalker  
  57  4:47  Probe x2  
  56  4:55  Adept  
  56  4:58  Pylon  
  56  4:59  Probe  
  59  5:05  Protoss Ground Armor Level 1  
  59  5:11  Probe  
  59  5:12  Warp Prism  
  59  5:13  Pylon  
  62  5:15  Adept x2  
  62  5:16  Probe, Pylon  
  67  5:23  Probe  
  67  5:24  Oracle (Chrono Boost)  
  67  5:26  Probe  
  72  5:33  Robotics Bay  
  72  5:35  Probe  
  73  5:37  Probe, Pylon  
  73  5:41  Sentry  
  76  5:51  Probe  
  76  5:52  Probe  
  76  5:54  Zealot x2  
  82  6:01  Probe  
  83  6:04  Probe  
  78  6:12  Probe  
  78  6:13  Adept  
  78  6:17  Probe  
  78  6:22  Disruptor (Chrono Boost)  
  78  6:23  Probe  
  78  6:24  Stalker x2  
  82  6:27  Pylon  
  82  6:29  Probe  
  82  6:32  Gateway  
  83  6:33  Probe  
  83  6:35  Gateway, Pylon  
  83  6:38  Adept  
  86  6:41  Probe  
  87  6:48  Stalker  
  87  6:49  Stalker  
  84  7:04  Stalker  
  78  7:16  Adept x2  
Tags
 
Add a new tag
Caveats
  • Supply blocks, unpowered buildings, or Contaminate may cause inaccurate times.
  • Supply counts are checked every 10 seconds.